 Dungeon Crawl Stone Soup version 0.20.0-6-gd3061e9 (webtiles) character file.

100 dvd the Cudgeler (level 4, -15/61 HPs)
             Began as a Minotaur Monk on May 28, 2017.
             Was a Believer of Trog.
             Killed from afar by Ijyb (16 damage)
             ... with a wand of acid (?/15)
             ... on level 3 of the Dungeon.
             The game lasted 00:03:38 (1943 turns).

dvd the Cudgeler (Minotaur Monk)                    Turns: 1943, Time: 00:03:38

Health: -15/61     AC:  1    Str: 21    XL:     4   Next: 46%
Magic:  3/3        EV: 12    Int:  7    God:    Trog [**....]
Gold:   129        SH:  0    Dex: 13    Spells: 3/3 levels left

rFire    + . .     SeeInvis .   a - +0 mace
rCold    + . .     Gourm    .   (no shield)
rNeg     . . .     Faith    .   r - +0 ring mail
rPois    .         Spirit   .   (helmet restricted)
rElec    .         Reflect  .   m - scarf {rC+ rF+}
rCorr    .         Harm     .   (no gloves)
MR       .....                  (no boots)
Stlth    ..........             (no amulet)
Regen    0.2/turn               (no ring)
MPRegen  0.1/turn               (no ring)

@: berserking, corroded, very quick
A: retaliatory headbutt, horns 2
a: Berserk, Trog's Hand, Burn Spellbooks, Renounce Religion


You were on level 3 of the Dungeon.
You worshipped Trog.
Trog was pleased with you.
You were very hungry.

You visited 1 branch of the dungeon, and saw 3 of its levels.

You collected 129 gold pieces.

Inventory:

Hand Weapons
 a - a +0 mace (weapon)
 o - a +0 hand axe
Armour
 b - a +0 robe
 m - a scarf of resistance (worn)
 r - a +0 ring mail (worn)
Scrolls
 d - a scroll of fog {unknown}
 g - a scroll of identify {unknown}
 i - 2 scrolls of teleportation {unknown}
 j - 2 scrolls of immolation {unknown}
 n - a scroll of amnesia {unknown}
 p - a scroll of enchant weapon {unknown}
Potions
 e - a potion of curing {unknown}
 k - a potion of cancellation {unknown}
 l - 2 potions of flight {unknown}
 q - a potion of lignification {unknown}
 t - a potion of might {unknown}
Comestibles
 c - a bread ration
 f - 2 meat rations
 h - 2 fruits
 s - 2 royal jellies


   Skills:
 + Level 4.5 Fighting
 + Level 4.9 Maces & Flails
 + Level 3.8 Dodging
 + Level 2.2 Stealth


You had 3 spell levels left.
You didn't know any spells.

Dungeon Overview and Level Annotations

Branches:
Dungeon (3/15)

Altars:
Trog

Annotations:
D:3 Ijyb


Innate Abilities, Weirdness & Mutations

You reflexively headbutt those who attack you in melee.
You have a pair of horns on your head.


Message History

You sock Ijyb! Your headbutt misses Ijyb.
Ijyb is severely wounded.
Ijyb hits you.
* * * LOW HITPOINT WARNING * * *
The ooze barely misses you.
You hit Ijyb.
Ijyb is almost dead.
Ijyb hits you.
* * * LOW HITPOINT WARNING * * *
The ooze hits you.
* * * LOW HITPOINT WARNING * * *
You hit Ijyb.
Ijyb is almost dead.
Ijyb screams, "It's all mine!"
Ijyb barely misses you. The ooze hits you.
* * * LOW HITPOINT WARNING * * *
Your ring mail prevents you from hitting Ijyb.
Ijyb is almost dead.
Ijyb zaps a wand.
The bolt of acid hits you!
You die...

#.##....>(...#
#.#............#
.#.#####.######
.. #.# #.#####.#
##.#.....#
##.......##
###....J...#
......g@..##
.##.###...# #
#...# #...#
#...# #...#
#...# #####


You could see Ijyb and an ooze.

Vanquished Creatures
  4 gnolls (D:2)
  2 adders (D:2)
  A worm (D:2)
  3 dart slugs
  A leopard gecko (D:2)
  2 ball pythons
  A giant cockroach (D:1)
  4 goblins
  3 hobgoblins
  3 kobolds
  7 bats
  3 frilled lizards
  5 rats
39 creatures vanquished.

Vanquished Creatures (others)
  A hobgoblin (D:2)
1 creature vanquished.

Grand Total: 40 creatures vanquished

Notes
Turn   | Place    | Note
-------+----------+-------------------------------------------
     0 | D:1      | dvd the Minotaur Monk began the quest for the Orb.
     0 | D:1      | Reached XP level 1. HP: 19/19 MP: 0/0
   372 | D:1      | Reached XP level 2. HP: 19/27 MP: 1/1
   944 | D:2      | Reached XP level 3. HP: 15/33 MP: 2/2
  1126 | D:2      | Reached XP level 4. HP: 18/41 MP: 3/3
  1602 | D:2      | Found a bloodstained altar of Trog.
  1610 | D:2      | Became a worshipper of Trog the Wrathful
  1610 | D:2      | Reached * piety under Trog
  1610 | D:2      | Reached ** piety under Trog
  1926 | D:3      | Noticed Ijyb
  1941 | D:3      | HP: 3/61 [ooze (4)]
  1942 | D:3      | HP: 1/61 [ooze (3)]
  1943 | D:3      | Killed from afar by Ijyb

Skill      XL: |  1  2  3 |
---------------+----------+-----
Fighting       | 4 |  4.5
Maces & Flails | 4 |  4.9
Stealth        | 2 |  2.2
Dodging        | |  3.8

Action                   |  1- 3 |  4- 6 || total
-------------------------+-------+-------++-------
Melee: Mace              |    56 |    34 ||    90
       Headbutt          |     7 |     3 ||    10
Invok: Berserk           |       |     1 ||     1
 Stab: Sleeping          |     2 |       ||     2
  Eat: Chunk             |     1 |     2 ||     3
Armor: Robe              |     7 |       ||     7
       Ring mail         |       |     4 ||     4
Dodge: Dodged            |    37 |    24 ||    61
